 Dungeon Crawl Stone Soup version 0.19.1 (webtiles) character file.

32 KingBobo974 the Stinger (level 3, -9/16 HPs)
             Began as a Spriggan Venom Mage on Dec 10, 2016.
             Mangled by Terence
             ... wielding a +0 flail of draining
              (13 damage)
             ... on level 2 of the Dungeon.
             The game lasted 00:06:53 (1455 turns).

KingBobo974 the Stinger (Spriggan Venom Mage)       Turns: 1455, Time: 00:06:54

Health: -9/16      AC:  2    Str:  4    XL:     3   Next: 8%
Magic:  1/8        EV: 18    Int: 17    God:
Gold:   43         SH:  0    Dex: 16    Spells: 1 memorised, 6 levels left

rFire  . . .     SeeInvis +     i - -3 dagger (curse)
rCold  . . .     Gourm    .     a - +0 robe
rNeg   . . .     Faith    .     (shield restricted)
rPois  .         Spirit   .     (helmet restricted)
rElec  .         Reflect  .     (no cloak)
rCorr  .         Harm     .     (gloves unavailable)
MR     .....                    (boots unavailable)
Stlth  +++.......               (no amulet)
                                (no ring)
                                (no ring)

@: very slightly contaminated, drained, very quick
A: unfitting armour, see invisible, herbivore 3, speed 3, slow metabolism 2
a: no special abilities


You were on level 2 of the Dungeon.
You were not hungry.

You visited 1 branch of the dungeon, and saw 2 of its levels.

You collected 43 gold pieces.

Inventory:

Hand Weapons
 i - a cursed -3 dagger (weapon)
Armour
 a - a +0 robe (worn)
Scrolls
 h - a scroll of noise {unknown}
Potions
 d - a potion of haste {unknown}
 e - a potion of degeneration {unknown}
 f - 2 potions of lignification {unknown}
 g - 2 potions of curing {unknown}
Books
 b - a Young Poisoner's Handbook

   Spells                             Type                      Level
   a - Sting                          Conjuration/Poison           1
   b - Mephitic Cloud                 Conjuration/Poison/Air       3
   c - Olgreb's Toxic Radiance        Poison                       4
   d - Alistair's Intoxication        Transmutation/Poison         5
   e - Venom Bolt                     Conjuration/Poison           5
Comestibles
 c - a bread ration


   Skills:
 * Level 3.8(3.2) Dodging
 * Level 4.1(3.5) Stealth
 * Level 2.9(2.4) Spellcasting
 + Level 4.2(3.6) Poison Magic


You had 6 spell levels left.
You knew the following spells:

 Your Spells              Type           Power        Failure   Level  Hunger
a - Sting                 Conj/Pois      #...         12%         1    #......


Dungeon Overview and Level Annotations

Branches:
Dungeon (2/15)

Altars:
Nemelex Xobeh

Annotations:
D:2 Terence


Innate Abilities, Weirdness & Mutations

You are very small and have problems with some larger weapons.
You are too small for most types of armour.
You have supernaturally acute eyesight. (SInv)
You are a herbivore.
You cover ground extremely quickly.
You need consume almost no food.


Message History

Aiming: Sting
Press: ? - help, Shift-Dir - straight line, f/p - Terence
Aim: Terence, wielding a flail of draining and wearing a scale mail (heavily wounded)
The sting hits Terence.
Terence appears unharmed.
Terence is heavily wounded.
A hobgoblin comes into view.
You hit Terence but do no damage.
Terence is heavily wounded.
Terence hits you with a flail of draining!
Ouch! That really hurt!
You feel drained.
* * * LOW HITPOINT WARNING * * *
You hit Terence but do no damage.
Terence is heavily wounded.
You hit Terence but do no damage.
Terence is heavily wounded.
Terence says, "Rest in peace."
Terence hits you with a flail of draining!
Ouch! That really hurt!
You die...

## ##
#.#.#
####.###
#...@g.#
####@#.#
#.#.#
#.#.#
#.#.#
#.#.#
#.#.#
#.#
#...#
#.#
#..##


You could see Terence and a hobgoblin.

Vanquished Creatures
  A dart slug (D:1)
  A ball python (D:2)
  2 giant cockroaches (D:2)
  6 goblins
  A hobgoblin (D:1)
  4 jackals (D:1)
  2 kobolds
  4 bats (D:1)
  2 frilled lizards (D:1)
  3 rats
26 creatures vanquished.

Notes
Turn   | Place    | Note
-------+----------+-------------------------------------------
     0 | D:1      | KingBobo974 the Spriggan Venom Mage began the quest for the Orb.
     0 | D:1      | Reached XP level 1. HP: 9/9 MP: 5/5
   279 | D:1      | Reached XP level 2. HP: 13/13 MP: 0/6
   291 | D:1      | Found a sparkling altar of Nemelex Xobeh.
  1223 | D:2      | Reached XP level 3. HP: 14/16 MP: 1/8
  1269 | D:2      | Noticed Terence
  1455 | D:2      | Mangled by Terence

Skill      XL: |  1  2 |
---------------+-------+-----
Stealth        | 4 |  4.1
Dodging        | |  3.8
Spellcasting   | |  2.9
Poison Magic   | |  4.2

Action                   || total
-------------------------++-------
Melee: Unarmed           ||    58
       Dagger            ||     3
 Cast: Sting             ||    63
Armor: Robe              ||    15
Dodge: Dodged            ||    97
